 Dungeon Crawl Stone Soup version 0.30-a0-241-g1121274140 (webtiles) character file.

Game seed: 12089790793728272702

14 ReploidZero the Covered (level 2, -1/26 HPs)
             Began as an Armataur Fighter on Oct 10, 2022.
             Succumbed to a goblin's poison
             ... on level 1 of the Dungeon.
             The game lasted 00:02:09 (216 turns).

ReploidZero the Covered (Armataur Fighter)           Turns: 216, Time: 00:02:10

Health: -1/26      AC:  8    Str: 21    XL:     2   Next: 31%
Magic:  2/2        EV:  7    Int:  8    God:
Gold:   13         SH:  4    Dex:  9    Spells: 1/1 levels left

rFire   . . .      SeeInvis .    a - +0 flail
rCold   . . .      Faith    .    c - +0 buckler
rNeg    . . .      Spirit   .    b - +0 scale mail
rPois   .          Reflect  .    f - +1 hat
rElec   .          Harm     .    (no cloak)
rCorr   .          Roll     +    (no gloves)
Will    .....                    (no barding)
Stlth   ..........               (no amulet)
HPRegen 0.24/turn                (no ring)
MPRegen 0.08/turn                (no ring)

@: lethally poisoned (-1 -> -8)
A: large, rugged brown scales 3, deformed body, armoured tail, roll, long
tongue, awkward tongue
a: no special abilities


You were on level 1 of the Dungeon.
You visited 1 branch of the dungeon, and saw 1 of its levels.

You collected 13 gold pieces.

Inventory:

Hand Weapons
 a - a +0 flail (weapon)
Armour
 b - a +0 scale mail (worn)
 c - a +0 buckler (worn)
 f - a +1 hat (worn)
Scrolls
 e - 2 scrolls of teleportation {unknown}
 g - a scroll of noise {unknown}
Potions
 d - a potion of might


   Skills:
 + Level 2.9 Fighting
 + Level 2.0 Maces & Flails
 + Level 3.9 Armour
 + Level 3.5 Shields


You had one spell level left.
You didn't know any spells.
Your spell library was empty.

Dungeon Overview and Level Annotations

Branches:
Dungeon (1/15)

Altars:


Innate Abilities, Weirdness & Mutations

You are completely covered in rugged brown scales. (AC +3, +7% HP)
Armour fits poorly on your strangely shaped body.
You have a long armoured tail.
You roll when moving toward enemies. (Rampage)
Your long tongue fully drains potion bottles. (2x potion effects)
Your tongue gives you trouble enunciating. (1.5x scroll delay)


Message History

The goblin hits you but does no damage.
You are poisoned.
The goblin hits you but does no damage.
You are more poisoned.
You closely miss the goblin.
Your tail-slap misses the goblin.
You feel very sick. The bat barely misses you. The goblin barely misses you.
You barely miss the goblin.
You feel very sick. The bat hits you but does no damage.
The goblin hits you but does no damage.
You are more poisoned.
You barely miss the goblin.
You feel very sick. You block the bat's attack.
The goblin hits you but does no damage.
You are lethally poisoned!
The goblin closely misses you.
You sock the goblin!
You kill the goblin!
You feel very sick. The bat hits you but does no damage.
You are too injured to fight recklessly!
Unknown command.
Okay, then.
Unknown command.
You are too injured to fight recklessly!
You are too injured to fight recklessly!
You are too injured to fight recklessly!
Unknown command.
* * * LOW HITPOINT WARNING * * *
You feel very sick.
* * * LOW HITPOINT WARNING * * *
You feel very sick. The bat barely misses you.
You see here a +0 dagger.
Found 9 gold pieces.
* * * LOW HITPOINT WARNING * * *
You feel sick. The bat hits you but does no damage.
You sock the bat!
You kill the bat!
You die...

....#.#..#.#############
..##.#...#..............
.#.##....#.#############
#.#.#....#.# #.........
#.#...)...# #........#
.##........# #........#
......)..#.# #........#
......)).#.# #........#
.##....@.#!# #........#
#.#...†.#.# #........#
#.#.#....#.# #........#
.#.##......# ####'#####
..# .#...#########'####
#..... ..
.#.#......†....>...#
##...... ..
##...######......#
........ .$ .#.##
#......# ........
#......#


There were no monsters in sight!

Vanquished Creatures
  4 bats (D:1)
  4 goblins (D:1)
  A hobgoblin (D:1)
  A quokka (D:1)
  A ball python (D:1)
  3 frilled lizards (D:1)
  A rat (D:1)
15 creatures vanquished.

Notes
Turn   | Place    | Note
-------+----------+-------------------------------------------
     0 | D:1      | ReploidZero the Armataur Fighter began the quest for the
                  | Orb.
     0 | D:1      | Reached XP level 1. HP: 19/19 MP: 1/1
   133 | D:1      | Reached XP level 2. HP: 26/26 MP: 2/2
   216 | D:1      | Succumbed to a goblin's poison

Illustrated notes

Levels and vault maps discovered:
D:1:      lordsloth_arrival_two_stooges, layout_basic,
          minmay_misc_feat_secret_circle, minmay_pentomino_w2

Skill      XL: |  1 |
---------------+----+-----
Maces & Flails | 2 |  2.0
Fighting       | |  2.9
Armour         | |  3.9
Shields        | |  3.5

Action                   || total
-------------------------++-------
Melee: Flail             ||    38
       Tailslap          ||     5
Armor: Scale mail        ||    20
Dodge: Dodged            ||    19
Block: Buckler           ||     6

Table legend: (Time is in decaauts)
 A = Elapsed time spent in this place.
 B = Non-inter-level travel time spent in this place.
 C = Inter-level travel time spent in this place.
 D = Time resting spent in this place.
 E = Time spent auto-exploring this place.
 F = Levels seen in this place.
 G = Mean time per level.
                   A        B        C        D        E       F      G
               +--------+--------+--------+--------+--------+-----+--------+
         Total |    227 |    227 |      0 |      0 |    141 |   1 |  227.0 |
       Dungeon |    227 |    227 |      0 |      0 |    141 |   1 |  227.0 |
               +--------+--------+--------+--------+--------+-----+--------+

Top non-repeatable levels by time:
     D:1: 227 daAuts
